 Dungeon Crawl Stone Soup version 0.22.1-2-g9c5b331 (webtiles) character file.

25776 Goblin1989 the Covert (level 13, -12/89 HPs)
             Began as an Octopode Assassin on Dec 27, 2018.
             Was an Initiate of Gozag.
             Mangled by a dire elephant (36 damage)
             ... on level 3 of the Lair of Beasts.
             The game lasted 01:00:03 (16084 turns).

Goblin1989 the Covert (Octopode Assassin)          Turns: 16084, Time: 01:00:04

Health: -12/89     AC:  7    Str: 20    XL:     13   Next: 21%
Magic:  13/13      EV: 27    Int: 13    God:    Gozag
Gold:   1673       SH: 19    Dex: 25    Spells: 11/12 levels left

rFire    . . .     SeeInvis .   i - +2 dagger (elec)
rCold    . . .     Gourm    .   G - +0 large shield
rNeg     + . .     Faith    .   y - +2 hat
rPois    .         Spirit   .   (no amulet)
rElec    .         Reflect  .   g - ring of resist corrosion
rCorr    +         Harm     .   S - +4 ring of protection
MR       +....                  x - ring of stealth
Stlth    +++++++++.             s - +2 ring of dexterity
HPRegen  0.24/turn              r - +4 ring of strength
MPRegen  0.13/turn              W - ring of positive energy
                                (no ring)
                                m - ring of protection from magic

@: mighty, agile
A: almost no armour, stealthy swim, amphibious, 8 rings, constrict 8, camouflage
1, gelatinous body 1
a: Potion Petition, Call Merchant, Bribe Branch, Renounce Religion


You were on level 3 of the Lair of Beasts.
You worshipped Gozag.
Gozag was most pleased with you.
You were hungry.

You visited 2 branches of the dungeon, and saw 14 of its levels.

You collected 3547 gold pieces.
You spent 1140 gold pieces at shops.
You paid 734 gold pieces to Gozag.

Inventory:

Hand Weapons
 a - a +4 short sword of venom
 b - the +8 fustibalus "Zymoxucs" {venom, rF+}
   (You bought it in a shop on level 11 of the Dungeon)

   It poisons the ammo it fires.
   It protects you from fire.
 h - a +1 rapier of speed
 i - a +2 dagger of electrocution (weapon)
 w - a +0 blowgun {@w1}
 L - a +1 scimitar of flaming
Missiles
 c - 45 poisoned needles
 d - a curare-tipped needle
 z - 280 stones (quivered) {@Q3}
 E - 266 arrows
 X - 103 sling bullets
 Z - a throwing net {!d , @Q1}
Armour
 y - a +2 hat (worn)
 G - a +0 large shield (worn)
Jewellery
 g - a ring of resist corrosion (left tentacle)
 l - the amulet of Huhu {Harm *Drain rPois rC- MR++ Dex+2}
   (You found it on level 7 of the Dungeon)

   [amulet of harm]

   It increases damage dealt and taken.
   It affects your dexterity (+2).
   It makes you vulnerable to cold.
   It protects you from poison.
   It affects your resistance to hostile enchantments.
   It causes draining when unequipped.
 m - a ring of protection from magic (on tentacle)
 r - a +4 ring of strength (on tentacle)
 s - a +2 ring of dexterity (on tentacle)
 v - the ring of Xom's Hatred {*Slow rC+ AC-3 Dex+8}
   (You found it on level 7 of the Dungeon)

   [ring of protection]

   It affects your AC (-3).
   It affects your dexterity (+8).
   It protects you from cold.
   It may slow you when you take damage.
 x - a ring of stealth (on tentacle)
 B - an uncursed ring of wizardry
 F - the amulet of Vyved {Spirit rElec rF- Str-3 SInv}
   (You took it off a crimson imp on level 7 of the Dungeon)

   [amulet of guardian spirit]

   It causes incoming damage to be split between your health and magic.
   It affects your strength (-3).
   It makes you vulnerable to fire.
   It insulates you from electricity.
   It lets you see invisible.
 H - an uncursed ring of ice
 S - a +4 ring of protection (right tentacle)
 W - a ring of positive energy (on tentacle)
Wands
 u - a wand of random effects (70)
 U - a wand of digging (18) {@v1}
Scrolls
 f - 2 scrolls of enchant weapon
 j - a scroll of brand weapon
 o - a scroll of fog
 C - a scroll of fear
 J - 2 scrolls of amnesia
 O - a scroll of enchant armour
 R - 7 scrolls of identify {@r1}
 T - 4 scrolls of teleportation {!r, @r2}
 V - a scroll of remove curse {@r3}
 Y - a scroll of immolation
Potions
 n - 3 potions of cancellation
 p - a potion of berserk rage
 t - a potion of ambrosia
 A - 2 potions of might {@q4}
 D - 3 potions of mutation {!q}
 I - 6 potions of curing {@q1}
 K - 3 potions of lignification
 M - a potion of agility {@q5}
 N - a potion of flight
 P - 6 potions of haste {@q3,}
 Q - a potion of magic
Miscellaneous
 k - a fan of gales
Comestibles
 e - 19 rations
 q - 11 chunks of flesh


   Skills:
 + Level 8.6 Fighting
 - Level 8.0 Short Blades
 + Level 3.8(4.1) Slings
 - Level 2.0(3.1) Throwing
 * Level 11.5 Dodging
 + Level 12.9 Stealth
 * Level 11.6 Shields


You had 11 spell levels left.
You knew the following spells:

 Your Spells              Type           Power        Failure   Level  Hunger
o - Apportation           Tloc           #.....       86%         1    ##.....

Your spell library contained the following spells:

 Spells                   Type           Power        Failure   Level  Hunger
 Animate Skeleton         Necr           N/A          86%         1    ##.....
 Confusing Touch          Hex            #.....       86%         1    ##.....
 Corona                   Hex            #......      86%         1    ##.....
 Pain                     Necr           #...         86%         1    ##.....
 Summon Small Mammal      Summ           #...         86%         1    ##.....
 Ensorcelled Hibernation  Hex/Ice        #.....       95%         2    ###....
 Confuse                  Hex            #.......     99%         3    ####...
 Dazzling Spray           Conj/Hex       #.....       99%         3    ####...
 Gell's Gravitas          Tloc           #.........   99%         3    ####...
 Regeneration             Chrm/Necr      #.........   99%         3    ####...
 Tukima's Dance           Hex            #.......     99%         3    ####...
 Vampiric Draining        Necr           #.........   99%         3    ####...
 Animate Dead             Necr           N/A          100%        4    #####..
 Petrify                  Tmut/Erth      #.......     100%        4    #####..
 Metabolic Englaciation   Hex/Ice        #.........   100%        5    ######.
 Yara's Violent Unravell  Hex/Tmut       #.........   100%        5    ######.


Dungeon Overview and Level Annotations

Branches:
Dungeon (11/15)            Temple (0/1) D:4            Lair (3/6) D:9
  Swamp (0/4) Lair:3       Spider (0/4) Lair:3          Orc (0/2) D:11

Altars:
Ashenzari
Cheibriados
Fedhas
Gozag
Kikubaaqudgha
Makhleb
Okawaru
Ru
Sif Muna
Wu Jian
Yredelemnul
Zin
The Shining One

Shops:
D:4 [   D:11 (

Annotations:
D:2 nice!!!
D:6 2 runed doors, bmj180's ghost, novice TrMo
D:7 exclusions: hydra and orc
Lair:2 1 runed door, tognito's ghost, journeyman MiBe


Innate Abilities, Weirdness & Mutations

You cannot wear most types of armour.
You are very stealthy in the water. (Stealth+)
You are amphibious.
You can wear up to eight rings at the same time.
You can use your tentacles to constrict eight enemies at once.
Your skin changes colour to match your surroundings (Stealth+).
Your rubbery body absorbs attacks. (AC +1, EV +1)


Message History

The yak is severely wounded.
You block the yak's attack.
You hit the yak.
The yak looks as sick as possible!
You squeeze the yak!
You kill the yak!
Things that are here:
15 gold pieces; an enchanted short sword; a robe The yak bellows!
You hit the yak.
The yak is lightly wounded.
You block the yak's attack.
You barely miss the yak. You squeeze the yak!
The yak is moderately wounded.
You block the yak's attack.
You hit the yak.
The yak is poisoned.
You squeeze the yak!
The yak is severely wounded.
You block the yak's attack.
You hit the yak but do no damage.
The yak looks as sick as possible!
The yak is severely wounded.
You block the yak's attack.
You hit the yak but do no damage.
The yak is poisoned.
You block the yak's attack. The yak misses you.
You puncture the yak!
The yak looks as sick as possible!
The yak is moderately wounded.
The yak misses you.
You hit the yak but do no damage.
The yak looks as sick as possible!
The yak is moderately wounded.
You block the yak's attack. The yak gores you!
You take 14 damage, and have 44/89 hp.
You hit the yak.
The yak is heavily wounded.
You block the yak's attack. x2
You barely miss the yak. You squeeze the yak.
The yak is heavily wounded.
The yak barely misses you.
You hit the yak.
The yak looks as sick as possible!
The yak is heavily wounded.
The yak completely misses you. You block the yak's attack.
You hit the yak.
The yak looks as sick as possible!
The yak is severely wounded.
You block the yak's attack.
You hit the yak but do no damage.
The yak is severely wounded.
You kill the yak!
You block the yak's attack.
You hit the yak but do no damage.
The yak looks as sick as possible!
The yak is severely wounded.
You block the yak's attack.
You barely miss the yak. Your squeeze misses the yak.
The yak is almost dead.
The yak closely misses you.
Some of the chunks of flesh in your inventory have rotted away.
Unknown command.
The dire elephant trumpets!
You hit the yak.
The yak looks as sick as possible!
The yak is almost dead.
You kill the yak!
You see here 12 gold pieces.
Some of the chunks of flesh in your inventory have rotted away.
You feel very mighty all of a sudden.
Wield which item (- for none, * to show all)? (? for menu, Esc to quit)
Your +4 short sword of venom stops dripping with poison.
You hear the crackle of electricity.
i - a +2 dagger of electrocution (weapon)
You feel agile all of a sudden.
You hit the dire elephant.
Lightning courses through the dire elephant!
You squeeze the dire elephant!
The dire elephant is moderately wounded.
You are feeling hungry.
You puncture the dire elephant! Your squeeze misses the dire elephant.
The dire elephant is moderately wounded.
The dire elephant tramples you!!
* * * LOW HITPOINT WARNING * * *
You stumble backwards!
You take 25 damage, and have 25/89 hp.
MASSIVE DAMAGE!!
You hit the dire elephant but do no damage.
Lightning courses through the dire elephant!
You squeeze the dire elephant!
The dire elephant is heavily wounded.
You block the dire elephant's attack. x2
You hit the dire elephant. You squeeze the dire elephant.
The dire elephant is heavily wounded.
The dire elephant tramples you.
* * * LOW HITPOINT WARNING * * *
You stumble backwards!
You hit the dire elephant.
The dire elephant is heavily wounded.
You hit the dire elephant but do no damage.
You squeeze the dire elephant!
The dire elephant is heavily wounded.
The dire elephant closely misses you. You block the dire elephant's attack.
You block the dire elephant's attack. The dire elephant trunk-slaps you.
* * * LOW HITPOINT WARNING * * *
You take 2 damage, and have 23/89 hp.
You hit the dire elephant but do no damage.
You squeeze the dire elephant.
The dire elephant is heavily wounded.
The dire elephant tramples you!!!
You die...
Your body crumbles into a pile of gold.

█.█..................
██...................
█..................∆
█...█.█P█.█.$....█..
██...██████.$....██.
█..███.████....███.
██....█..█P......██.
█........∆$.....████
██.@█.█..██......█ █
█.Y█████.██....████
██...█ ████........
█....█████.█........
█.................>.
███...██..███████..█


██P██████ ████ ███ You could see a dire elephant.

Vanquished Creatures
  Harold (D:8)
  A hydra (D:8)
  Erolcha (D:11)
  A two-headed ogre (D:9)
  Erica (D:10)
  A skeletal warrior (D:11)
  An ugly thing (D:11)
  Pikel (D:8)
  A manticore (D:11)
  17 elephants (Lair:3)
  Joseph (D:8)
  Maurice (D:8)
  2 komodo dragons (Lair:1)
  A spiny frog (Lair:3)
  A troll (D:9)
  3 polar bears (Lair:1)
  4 blink frogs (Lair:1)
  6 hippogriffs
  A spriggan (Lair:3)
  12 yaks
  2 hungry ghosts
  A steam dragon (D:9)
  A warg (D:11)
  8 water moccasins
  A swamp worm (Lair:3)
  4 porcupines
  5 orc warriors
  A sky beast (D:9)
  8 ogres
  A black bear (D:7)
  2 wolves (D:9)
  5 centaurs
  4 crocodiles
  5 big kobolds
  5 bullfrogs
  2 gnoll sergeants
  2 wyvern skeletons
  3 scorpions
  6 killer bees (D:10)
  A howler monkey (D:7)
  A vampire bat (D:9)
  11 wights
  3 electric eels (D:9)
  7 crimson imps
  3 centaur zombies
  2 quasits
  2 bullfrog zombies (D:10)
  2 jellies
  10 hounds
  7 orc priests
  2 bullfrog skeletons
  17 orc wizards
  4 iguanas
  Ijyb (D:3)
  Terence (D:2)
  13 worker ants
  A killer bee zombie (D:8)
  2 howler monkey zombies
  A worker ant zombie (D:6)
  A howler monkey skeleton (D:5)
  14 gnolls
  20 adders
  4 shadow imps
  2 oozes (D:1)
  An adder skeleton (D:4)
  7 worms
  9 leopard geckos
  30 orcs
  2 bat skeletons (D:9)
  2 bat zombies (D:9)
  10 giant cockroaches
  9 goblins
  9 hobgoblins
  22 jackals
  4 quokkas
  A ball python (D:1)
  5 bats
  4 frilled lizards
  35 kobolds
  A quokka skeleton (D:6)
  A quokka zombie (D:7)
  8 rats
416 creatures vanquished.

Vanquished Creatures (others)
  3 slaves (D:8)
  A black bear (D:8)
  A bullfrog (D:8)
  59 fungi (Lair:3)
  3 plants (Lair:3)
67 creatures vanquished.

Grand Total: 483 creatures vanquished

Notes
Turn   | Place    | Note
-------+----------+-------------------------------------------
     0 | D:1      | Goblin1989 the Octopode Assassin began the quest for the
                  | Orb.
     0 | D:1      | Reached XP level 1. HP: 14/14 MP: 1/1
    56 | D:1      | Reached skill level 6 in Stealth
    56 | D:1      | Reached XP level 2. HP: 19/19 MP: 2/2
   442 | D:1      | Reached XP level 3. HP: 24/24 MP: 3/3
   651 | D:1      | Reached skill level 1 in Shields
  1004 | D:2      | Noticed Terence
  1015 | D:2      | Killed Terence
  1015 | D:2      | Reached skill level 7 in Stealth
  1015 | D:2      | Reached XP level 4. HP: 25/29 MP: 4/4
  1546 | D:2      | Found an iron altar of Okawaru.
  1547 | D:2      | Found an opulent altar of Gozag.
  1549 | D:2      | Found an ornate altar of the Wu Jian Council.
  1550 | D:2      | Found a glowing silver altar of Zin.
  1559 | D:2      | Reached XP level 5. HP: 34/34 MP: 5/5
  1565 | D:2      | Became a worshipper of Gozag Ym Sagoz the Greedy
  1595 | D:2      | Found a blossoming altar of Fedhas.
  2047 | D:3      | Noticed Ijyb
  2069 | D:3      | Killed Ijyb
  2514 | D:3      | Found a deep blue altar of Sif Muna.
  2520 | D:3      | Found a sacrificial altar of Ru.
  2623 | D:3      | Found a faded altar of an unknown god.
  2757 | D:3      | Found a shattered altar of Ashenzari.
  3217 | D:3      | Reached XP level 6. HP: 41/41 MP: 6/6
  3606 | D:4      | Found a staircase to the Ecumenical Temple.
  3731 | D:4      | Found a snail-covered altar of Cheibriados.
  3765 | D:4      | Found Dimed's Antique Armour Shoppe.
  4029 | D:4      | Reached XP level 7. HP: 45/45 MP: 7/7
  4073 | D:4      | Found Etesur's Food Shoppe.
  4081 | D:4      | Bought a ration for 60 gold pieces
  4414 | D:5      | Entered Level 5 of the Dungeon
  4709 | D:5      | Reached skill level 8 in Stealth
  4712 | D:5      | Reached XP level 8. HP: 50/52 MP: 8/8
  5218 | D:4      | Bought a ration for 60 gold pieces
  5218 | D:4      | Bought a ration for 60 gold pieces
  5218 | D:4      | Bought a ration for 60 gold pieces
  5218 | D:4      | Bought a ration for 60 gold pieces
  5218 | D:4      | Bought a ration for 60 gold pieces
  5218 | D:4      | Bought a ration for 60 gold pieces
  5218 | D:4      | Bought a ration for 60 gold pieces
  5218 | D:4      | Bought a ration for 60 gold pieces
  5218 | D:4      | Bought a ration for 60 gold pieces
  5389 | D:6      | Found a large runed door.
  5390 | D:6      | Found a large runed door.
  5401 | D:6      | Noticed bmj180's ghost (novice TrMo)
  5474 | D:6      | Found a snail-covered altar of Cheibriados.
  5843 | D:6      | Learned a level 1 spell: Apportation
  5906 | D:6      | Reached skill level 5 in Shields
  6149 | D:6      | Reached skill level 5 in Dodging
  6565 | D:7      | Got a slimy hunting sling
  6572 | D:7      | Identified the cursed +0 hunting sling of Freehold {venom,
                  | rPois rN+} (You found it on level 7 of the Dungeon)
  6643 | D:7      | Found a burning altar of Makhleb.
  6727 | D:7      | Reached XP level 9. HP: 51/59 MP: 9/9
  6934 | D:7      | Reached skill level 9 in Stealth
  7094 | D:7      | Got a slimy jade ring
  7103 | D:7      | Got a vibrating emerald amulet
  7201 | D:7      | Identified the amulet of Huhu {Harm *Drain rPois rC- MR++
                  | Dex+2} (You found it on level 7 of the Dungeon)
  7202 | D:7      | Identified the cursed ring of Xom's Hatred {*Slow rC+ AC-3
                  | Dex+8} (You found it on level 7 of the Dungeon)
  7216 | D:7      | Got a crude ruby amulet
  7302 | D:7      | Reached skill level 5 in Fighting
  7364 | D:7      | Noticed a six-headed hydra
  7680 | D:8      | Noticed Harold
  7686 | D:8      | Identified the amulet of Vyved {Spirit rElec rF- Str-3
                  | SInv} (You took it off a crimson imp on level 7 of the
                  | Dungeon)
  7703 | D:8      | Killed Harold
  7703 | D:8      | Reached skill level 5 in Short Blades
  7703 | D:8      | Reached XP level 10. HP: 52/66 MP: 10/10
  7725 | D:8      | Noticed a seven-headed hydra
  7766 | D:7      | Reached skill level 10 in Stealth
  7811 | D:8      | Noticed Pikel
  7825 | D:8      | Killed Pikel
  7828 | D:8      | Noticed Joseph
  7844 | D:8      | Killed Joseph
  8002 | D:8      | Found a glowing golden altar of the Shining One.
  8455 | D:8      | Noticed Maurice
  8466 | D:8      | Killed Maurice
  8547 | D:8      | Killed a seven-headed hydra
  8633 | D:8      | Found a basalt altar of Yredelemnul.
  9115 | D:8      | Noticed an angel
  9152 | D:9      | Noticed a two-headed ogre
  9348 | D:9      | Killed a two-headed ogre
  9348 | D:9      | Reached XP level 11. HP: 74/74 MP: 11/11
  9551 | D:9      | Reached skill level 11 in Stealth
  9709 | D:9      | Found a staircase to the Lair.
 10171 | D:9      | Found an ancient bone altar of Kikubaaqudgha.
 10516 | D:10     | Entered Level 10 of the Dungeon
 11694 | D:10     | Noticed Erica
 11697 | D:10     | Killed Erica
 11806 | D:11     | Noticed Erolcha
 11819 | D:11     | Noticed a cyan ugly thing
 11825 | D:11     | Killed Erolcha
 11825 | D:11     | Reached skill level 10 in Dodging
 11825 | D:11     | Reached skill level 10 in Shields
 11852 | D:11     | Reached XP level 12. HP: 31/81 MP: 12/12
 12145 | D:11     | Found a staircase to the Orcish Mines.
 12151 | D:11     | Reached skill level 12 in Stealth
 12610 | D:11     | xeno23: какие боги лучше всего зайдут musu?
 12610 | D:11     | Bought a transparent fustibalus for 540 gold pieces
 12610 | D:11     | Identified the +8 fustibalus "Zymoxucs" {venom, rF+} (You
                  | bought it in a shop on level 11 of the Dungeon)
 12617 | D:11     | Goblin1989: а хз если честно
 12617 | D:11     | Goblin1989: мумии наверное сейчас вообще ничего кроме
                  | гозага нормально не заходит
 12617 | D:11     | Goblin1989: хила-то вообще никакого нет больше
 12674 | D:11     | xeno23: да уж
 12698 | D:11     | xeno23: а палку выпилили?
 12698 | D:11     | Goblin1989: в 0,20
 12748 | D:11     | xeno23: ну я года 2 не играл, не помню уже что когда
 12769 | D:11     | Goblin1989: да не, я и не спорю, видел что последний вин в
                  | 0.19
 12769 | D:11     | Goblin1989: там еще она была
 13134 | Lair:1   | Entered Level 1 of the Lair of Beasts
 13306 | Lair:1   | Reached skill level 1 in Slings
 13347 | Lair:1   | xeno23: а тред умер совсем?
 13347 | Lair:1   | Goblin1989: да
 13347 | Lair:1   | xeno23: пичаль
 13347 | Lair:1   | Goblin1989: теперь в телеге группа есть
 13347 | Lair:1   | Goblin1989: там казуалище, дэфир и кучка другого народу
 13347 | Lair:1   | Goblin1989: и ботъ
 14243 | Lair:2   | Found a runed door.
 14243 | Lair:2   | Noticed tognito's ghost (journeyman MiBe)
 14780 | Lair:3   | Found a hole to the Spider Nest.
 15209 | Lair:3   | Reached XP level 13. HP: 32/89 MP: 13/13
 15899 | Lair:3   | Found a staircase to the Swamp.
 15980 | Lair:3   | Noticed a dire elephant
 16074 | Lair:3   | xeno23: ага, нашел
 16074 | Lair:3   | xeno23: спс
 16084 | Lair:3   | Mangled by a dire elephant

Skill      XL: |  1  2  3  4  5  6  7  8  9 10 11 12 |
---------------+-------------------------------------+-----
Stealth        | 6 7 8 9 10 11 12 | 12.9
Shields        | 2 3 4 5 7 8 10 11 | 11.6
Dodging        | 2 3 4 5 7 8 10 11 | 11.5
Fighting       | 3 4 5 6 7 8 |  8.6
Short Blades   | 3 4 5 6 7 8 |  8.0
Slings         | 3 |  3.8
Throwing       | |  2.0

Action                   |  1- 3 |  4- 6 |  7- 9 | 10-12 | 13-15 || total
-------------------------+-------+-------+-------+-------+-------++-------
Melee: Dagger            |    61 |   113 |   212 |   173 |     7 ||   566
       Constrict         |    16 |    27 |    40 |    84 |     2 ||   169
       Tentacles         |    14 |    27 |    38 |   185 |    36 ||   300
       Short sword       |       |       |       |   406 |    85 ||   491
 Fire: Blowgun           |       |     7 |    15 |    31 |       ||    53
       Fustibalus        |       |       |       |   122 |    33 ||   155
Invok: Potion Petition   |       |     1 |       |       |       ||     1
       Call Merchant     |       |       |       |     1 |       ||     1
Evoke: Wand              |       |       |       |     4 |       ||     4
       Fan of gales      |       |       |       |     1 |       ||     1
  Use: Potion            |       |     2 |       |     4 |     2 ||     8
       Scroll            |       |       |    14 |    15 |       ||    29
 Stab: Sleeping          |    11 |    28 |    37 |    36 |       ||   112
       Distracted        |       |     1 |     2 |     9 |     1 ||    13
  Eat: Chunk             |       |     3 |       |       |     1 ||     4
       Ration            |       |     2 |     3 |     8 |       ||    13
Armor: Skin              |     6 |     7 |    22 |    45 |     8 ||    88
Dodge: Dodged            |    22 |    17 |    45 |   223 |    39 ||   346
Block: Large shield      |    11 |    46 |    91 |   411 |    85 ||   644

Vault maps used:
D:1:      nicolae_arrival_memento_mori
D:2:      fedhas_altar_2, chequers_temple_overflow_statue_of_worship,
          first_ration, uniq_crazy_yiuf_cottage, uniq_terence
D:3:      grunt_temple_overflow_open, chequers_ecumenical_altar_simple,
          nicolae_ashenzari_panopticon, uniq_ijyb
D:4:      cheibriados_altar_1, minmay_temple_entry_nine_rooms, serial_shops,
          shop, shop
D:6:      basic_altar, ebering_ghost_disaster_area
D:7:      minmay_the_grid_square_5x5_3x3, overflow_temple_1_default,
          serial_corexii_hall, corexii_hall_statues_s, corexii_hall_statues_i
D:8:      grunt_temple_overflow_holy_war, uniq_joseph, uniq_pikel, uniq_maurice,
          uniq_harold
D:9:      kennysheep_vampire_church, erik_lair_island
D:10:     uniq_erica
D:11:     erik_orc_4, uniq_erolcha
Lair:1:   st_stairs_11, cheibrodos_lair_lostbears, serial_bayou_shore_a
Lair:2:   gammafunk_ghost_grave
Lair:3:   mu_elephants_graveyard, nicolae_swamp_entry_splash_gauntlet,
          dummy_spider_entry
